AoeStats
← Phu Thuy

African Clearing

510580665Analyzed
4v4 RM · 9h ago on Oct 1, 2026· 41m 3s· 8 players
Game mode
Random Map
Map size
Large (8 player)
Population
200
Speed
Normal
Resources
Standard
Victory
Conquest
Starting age
Dark Age
Ending age
Imperial Age
RankedLock teamsTeams togetherTeam positionsShared explorationLock speedFull tech treeHidden civsTurbo modeCheats
Victory
Defeat
🇨🇳 Danes · China
1436
+11
🇨🇳 Vietnamese · China
1394
+13
🇨🇳 Gurjaras · China
1337
+15
🇨🇳 Maya · China
1298
+17
🇻🇳 Gurjaras · Vietnam
1407
-17
🇻🇳 Tupi · Vietnam
1355
-15
🇻🇳 Huns · Vietnam
1285
-13
🇻🇳 Vietnamese · Vietnam
1251
-11
800分天才玩家
6:14 Loom
13:15 Feudal Age
14:04 Double-Bit Axe
20:15 Castle Age
19:07 Scale Barding Armor
19:14 Bloodlines
22:03 Husbandry
22:38 Forging
29:18 Chain Barding Armor
32:32 Wheelbarrow
34:34 Hand Cart
35:24 Horse Collar
36:01 Bow Saw
39:01 Heavy Plow
YccClala
3:49 Loom
12:24 Feudal Age
12:40 Man-at-Arms
13:20 Double-Bit Axe
15:31 Fletching
19:53 Padded Archer Armor
26:56 Castle Age
29:47 Wheelbarrow
29:07 Gold Mining
29:01 Horse Collar
29:33 Bow Saw
30:13 Bodkin Arrow
31:16 Leather Archer Armor
32:40 Ballistics
34:48 Town Watch
34:58 Stone Mining
40:01 Stone Shaft Mining
39:43 Hand Cart
39:28 Town Patrol
39:53 Thumb Ring
清风快来救我
12:14 Feudal Age
12:21 Feudal Age
13:26 Loom
13:51 Double-Bit Axe
17:15 Castle Age
16:39 Fletching
17:36 Padded Archer Armor
18:11 Bodkin Arrow
32:39 Wheelbarrow
31:50 Town Watch
36:26 Horse Collar
38:18 Stone Mining
38:18 Gold Mining
38:51 Ballistics
車
4:45 Loom
14:55 Feudal Age
19:32 Castle Age
17:20 Double-Bit Axe
18:04 Horse Collar
21:13 Fishing Lines
22:08 Bow Saw
23:24 Hamask
25:10 Scale Mail Armor
28:24 Forging
31:33 Wheelbarrow
33:59 Chain Mail Armor
34:20 Iron Casting
35:01 Hand Cart
35:08 Horse Collar
43:40 Imperial Age
Phu Thuy
11:03 Loom
13:49 Feudal Age
17:33 Castle Age
15:26 Double-Bit Axe
15:55 Horse Collar
16:27 Fletching
18:31 Bodkin Arrow
25:30 Padded Archer Armor
28:25 Bow Saw
29:50 Thumb Ring
30:23 Wheelbarrow
32:19 Heavy Plow
33:19 Hand Cart
32:50 Town Watch
34:04 Leather Archer Armor
34:35 Husbandry
34:30 Gold Mining
35:54 Elite Skirmisher
37:03 Ballistics
37:45 Bloodlines
36:56 Light Cavalry
37:48 Forging
39:05 Scale Barding Armor
Tin's
6:13 Loom
14:45 Feudal Age
20:25 Double-Bit Axe
24:44 Castle Age
24:46 Scale Mail Armor
24:57 Forging
26:19 Wheelbarrow
29:09 Bow Saw
29:44 Squires
34:41 Elite Skirmisher
35:21 Gold Mining
36:17 Fletching
37:32 Padded Archer Armor
41:12 Leather Archer Armor
TanLN
3:30 Loom
12:40 Feudal Age
16:35 Castle Age
14:52 Double-Bit Axe
20:50 Fletching
23:41 Bodkin Arrow
25:03 Bow Saw
28:01 Wheelbarrow
27:46 Horse Collar
TạNgànCân
8:34 Loom
11:13 Loom
13:37 Feudal Age
19:21 Double-Bit Axe
19:18 Horse Collar
23:19 Wheelbarrow
26:10 Castle Age
26:30 Scale Barding Armor
26:36 Forging
26:26 Gold Mining
27:48 Bloodlines
27:42 Husbandry
Connection lost

Rejoining the realm…

Still unreachable

The connection could not be restored.

Session expired

The server has moved on; the page needs a fresh start.